 Dungeon Crawl Stone Soup version 0.29-a0-338-g1ff7896281 (webtiles) character file.

Game seed: 16394912813392654184

49000 Dauddaud the Severer (level 14, -7/129 HPs)
             Began as a Minotaur Berserker on Apr 18, 2022.
             Was a High Priest of Trog.
             Shot with a bolt by a yaktaur (15 damage)
             ... on level 15 of the Dungeon.
             The game lasted 00:43:55 (20624 turns).

Dauddaud the Severer (Minotaur Berserker)          Turns: 20624, Time: 00:43:56

Health: -7/129     AC: 25    Str: 28    XL:     14   Next: 14%
Magic:  13/13      EV: 13    Int:  4    God:    Trog [*****.]
Gold:   938        SH:  5    Dex:  9    Spells: 13/13 levels left

rFire   + . .      SeeInvis .   Q - +1 battleaxe (flame)
rCold   . . .      Faith    .   (shield currently unavailable)
rNeg    + . .      Spirit   .   l - +8 scale mail of the Winnowing Gods {rN+}
rPois   .          Reflect  +   (helmet restricted)
rElec   .          Harm     .   A - +2 cloak {Will+}
rCorr   .          Rampage  .   (no gloves)
Will    ++...                   (no boots)
Stlth   ..........              c - amulet of reflection
HPRegen 0.31/turn               o - ring of protection from fire
MPRegen 0.13/turn               J - +4 ring of protection

@: on berserk cooldown, slowed, very slow
A: horns 2, retaliatory headbutt
a: Renounce Religion, Berserk, Trog's Hand, Brothers in Arms


You were on level 15 of the Dungeon.
You worshipped Trog.
Trog was extremely pleased with you.
You visited 1 branch of the dungeon, and saw 15 of its levels.

You collected 1329 gold pieces.
You spent 391 gold pieces at shops.

Inventory:

Hand Weapons
 Q - a +1 battleaxe of flaming (weapon)
Armour
 l - the +8 scale mail of the Winnowing Gods (worn) {rN+}
   (You found it on level 2 of the Dungeon)

   rN:        It protects you from negative energy.
 A - a +2 cloak of willpower (worn)
Jewellery
 b - a +4 ring of protection
 c - an amulet of reflection (around neck)
 o - a ring of protection from fire (left hand)
 p - a +4 ring of evasion
 J - a +4 ring of protection (right hand)
 W - a ring of willpower
 Y - a ring of ice
Wands
 v - a wand of iceblast (12)
 B - a wand of polymorph (14)
 E - a wand of acid (8)
 M - a wand of mindburst (11)
 N - a wand of digging (7)
 V - a wand of flame (17)
 Z - a wand of paralysis (7)
Scrolls
 e - 4 scrolls of teleportation
 f - 2 scrolls of magic mapping
 j - 3 scrolls of blinking
 k - 2 scrolls of brand weapon
 m - 2 scrolls of vulnerability
 n - 4 scrolls of holy word
 r - a scroll of identify
 u - 4 scrolls of enchant weapon
 w - 5 scrolls of immolation
 x - 4 scrolls of fog
 z - a scroll of enchant armour
 G - a scroll of summoning {unknown}
 I - a scroll of silence
 R - a scroll of torment
 T - a scroll of fear
Potions
 a - a potion of mutation {unknown}
 d - a potion of experience {unknown}
 g - a potion of magic {unknown}
 h - a potion of heal wounds
 i - 3 potions of haste {unknown}
 q - 4 potions of attraction
 s - 5 potions of curing
 t - 2 potions of might {unknown}
 D - a potion of lignification {unknown}
 L - a potion of invisibility {unknown}
 O - 2 potions of flight
 X - a potion of cancellation {unknown}
Miscellaneous
 S - a condenser vane


   Skills:
 + Level 13.1 Fighting
 - Level 20.0 Axes
 + Level 12.9 Armour
 * Level 10.3 Dodging
 * Level 5.2 Evocations


You had 13 spell levels left.
You didn't know any spells.
Your spell library was empty.

Dungeon Overview and Level Annotations

Branches:
Dungeon (15/15)            Temple (0/1) D:5            Lair (0/6) D:9
    Orc (0/2) D:10         Vaults (0/5) D:13
 Depths: D:15

Altars:
Ashenzari
Dithmenos
Gozag
Hepliaklqana
Kikubaaqudgha
Makhleb
Nemelex Xobeh
Okawaru
Sif Muna
Vehumet
Wu Jian
Xom
The Shining One

Shops:
D:1 !   D:5 *:([?[[   D:8 :   D:10 *?((:   D:12 =

Annotations:
D:8 exclusion: 2 oklob saplings


Innate Abilities, Weirdness & Mutations

You have a pair of horns on your head.
You reflexively headbutt those who attack you in melee.


Message History

The yaktaur wields a +0 arbalest.
The yaktaur shoots a bolt.
You reflect the bolt off an invisible shield around you!
The bolt hits the yaktaur!!
A yaktaur comes into view.
You slice the centaur warrior!! You burn the centaur warrior!
You headbutt the centaur warrior.
You feel the power of Trog in you as your rage grows.
You kill the centaur warrior!
Trog accepts your kill.
The yaktaur wields a +0 arbalest.
The yaktaur shoots a bolt.
You reflect the bolt off an invisible shield around you!
The bolt hits the yaktaur!
The yaktaur unwields a +0 arbalest.
The yaktaur hits you but does no damage.
The yaktaur shoots a bolt.
The bolt hits you!
You see here a +0 shortbow.
You slice the yaktaur!! You burn the yaktaur! Your headbutt misses the yaktaur.
The yaktaur is severely wounded.
A yaktaur comes into view.
The yaktaur shoots a bolt.
You reflect the bolt off an invisible shield around you!
The bolt hits the yaktaur!!
The yaktaur shoots a bolt.
The bolt hits you!
You slice the yaktaur!! You burn the yaktaur.
You kill the yaktaur!
Trog accepts your kill.
The yaktaur shoots a bolt.
The bolt hits you.
Things that are here:
a +0 arbalest; a yaktaur corpse You feel a strong urge to attack something.
The yaktaur shoots a bolt.
The bolt hits you.
You feel your anger nearly subside.
You are no longer berserk.
You are exhausted.
You feel yourself slow down.
The yaktaur wields a +0 arbalest.
The yaktaur shoots a bolt.
The bolt hits you!!
* * * LOW HITPOINT WARNING * * *
The yaktaur shoots a bolt.
The bolt hits you!!
* * * LOW HITPOINT WARNING * * *
The yaktaur shoots a bolt.
The bolt hits you!
You die...

###................###c....##
#....###...........#........###
#.#.##
#.#.......cc...#...)...## ....#
###........##..#........##
.#..# ##........###...........#
##.##
###.........###....†......# ###
#...####....##........#####
#.......###.....#......##
#.........@.....#.......#
######.................##
##...####...#....## #...#
#####...## ##### #####


You could see 2 yaktaurs.

Vanquished Creatures
  Rupert (D:14)
  A yaktaur captain (D:13)
  Fannar (D:11)
  Harold (D:11)
  3 hydras
  An ogre mage (D:15)
  5 two-headed ogres
  10 centaur warriors
  A deep troll earth mage (D:13)
  A tengu warrior (D:15)
  A shock serpent (shapeshifter) (D:13)
  A deep elf knight (D:13)
  A skeletal warrior (D:13)
  A wizard (D:13)
  3 orc knights
  Pikel (D:9)
  7 ugly things
  4 deep elf pyromancers
  2 deep elf zephyrmancers
  6 cyclopes
  5 manticores
  A gargoyle (D:13)
  An unseen horror (D:12)
  4 centaur skeletons (D:13)
  An orange demon (D:9)
  2 kobold demonologists
  An efreet (D:13)
  A freezing wraith (D:14)
  A komodo dragon (D:12)
  4 yaktaurs
  A queen bee (shapeshifter) (D:14)
  8 trolls
  2 slime creatures (D:13)
  2 centaur simulacra
  3 shadows
  Eustachio (D:6)
  5 wyverns (D:9)
  3 wraiths
  A basilisk (D:9)
  15 yaks
  3 vampire mosquitoes
  A steam dragon (D:8)
  Menkaure (D:6)
  Edmund (D:6)
  4 acid dragons
  4 water moccasins
  A floating eye (shapeshifter) (D:15)
  9 orc warriors
  A sky beast (D:4)
  3 black bears
  3 ogres
  12 centaurs
  2 phantoms
  8 kobold brigands
  A necrophage (D:7)
  3 bullfrogs
  3 gnoll sergeants
  2 scorpions
  7 wights
  5 killer bees (D:9)
  4 howler monkeys
  7 orc priests
  4 hounds
  A jelly (D:7)
  2 iguanas
  16 orc wizards
  6 ogre zombies (D:10)
  16 gnolls
  14 adders
  4 white imps
  3 ufetubi
  A dart slug (D:5)
  5 worms
  38 orcs
  6 endoplasms
  5 giant cockroaches
  A goblin (D:4)
  4 hobgoblins
  3 jackals
  18 kobolds
  3 quokkas
  18 ball pythons
  4 bats
  3 frilled lizards
  5 goblin zombies (D:10)
  A hobgoblin skeleton (D:10)
  A hobgoblin zombie (D:10)
  2 orc skeletons (D:10)
  10 orc zombies (D:10)
  4 rats
397 creatures vanquished.

Vanquished Creatures (collateral kills)
  Amaemon (D:9)
  A cyclops (D:7)
  A gargoyle (D:7)
  A troll (D:7)
  An acid dragon (D:7)
  A sky beast (D:7)
  An orc warrior (D:7)
  2 ice beasts (D:7)
  A black bear (D:7)
  A bullfrog (D:7)
  A howler monkey (D:7)
  A gnoll shaman (D:7)
  An iguana (D:7)
  An orc (D:7)
15 creatures vanquished.

Vanquished Creatures (others)
  2 gnolls (D:11)
  23 plants
25 creatures vanquished.

Grand Total: 437 creatures vanquished

Notes
Turn   | Place    | Note
-------+----------+-------------------------------------------
     0 | D:1      | Dauddaud the Minotaur Berserker began the quest for the
                  | Orb.
     0 | D:1      | Reached XP level 1. HP: 19/19 MP: 0/0
   108 | D:1      | Found Jutraok's Distillery.
   194 | D:1      | Reached skill level 4 in Axes
   256 | D:1      | Found a faded altar of an unknown god.
   485 | D:1      | Reached XP level 2. HP: 26/26 MP: 1/1
   827 | D:2      | Found a hazy altar of Hepliaklqana.
   844 | D:2      | Reached skill level 5 in Axes
  1132 | D:2      | Identified the +8 scale mail of the Winnowing Gods {rN+}
  1156 | D:2      | Reached XP level 3. HP: 31/31 MP: 2/2
  1437 | D:2      | Reached ** piety under Trog
  1438 | D:2      | Reached skill level 6 in Axes
  1438 | D:2      | Reached XP level 4. HP: 38/39 MP: 3/3
  2249 | D:3      | Reached XP level 5. HP: 38/45 MP: 4/4
  2319 | D:3      | Reached skill level 7 in Axes
  2414 | D:3      | Found a shadowy altar of Dithmenos.
  2414 | D:3      | Found a glowing golden altar of the Shining One.
  2617 | D:4      | Reached skill level 8 in Axes
  2619 | D:4      | Reached XP level 6. HP: 42/51 MP: 5/5
  2621 | D:4      | Reached *** piety under Trog
  2893 | D:4      | Noticed an orc warrior
  2918 | D:4      | Killed an orc warrior
  2919 | D:4      | Reached skill level 9 in Axes
  3205 | D:4      | Found an ornate altar of the Wu Jian Council.
  3240 | D:4      | Found an opulent altar of Gozag.
  3749 | D:4      | Noticed a sky beast
  3766 | D:4      | Killed a sky beast
  3767 | D:4      | Reached XP level 7. HP: 42/57 MP: 6/6
  3900 | D:5      | Entered Level 5 of the Dungeon
  3912 | D:5      | Reached skill level 10 in Axes
  4245 | D:5      | Found a sparkling altar of Nemelex Xobeh.
  4726 | D:5      | Found Pyttujia's Antique Weapon Shoppe.
  4893 | D:5      | Found Soawoppa's Antique Armour Boutique.
  4894 | D:5      | Found Ribb's Armour Shoppe.
  4897 | D:5      | Found Giabogg's Antique Armour Shoppe.
  4897 | D:5      | Found Kagexah's Magic Scroll Boutique.
  4926 | D:5      | Bought an embroidered cloak for 202 gold pieces
  4964 | D:5      | Bought a scroll of identify for 22 gold pieces
  5122 | D:5      | Found Hejasux's Book Shoppe.
  5193 | D:5      | Found Taunlec's General Store.
  5196 | D:5      | Bought a scroll of blinking for 97 gold pieces
  5309 | D:5      | Found a staircase to the Ecumenical Temple.
  5317 | D:5      | Reached skill level 11 in Axes
  5650 | D:6      | Reached **** piety under Trog
  5795 | D:6      | Reached XP level 8. HP: 57/64 MP: 7/7
  6032 | D:6      | Noticed Eustachio
  6060 | D:6      | Killed Eustachio
  6061 | D:6      | Reached skill level 12 in Axes
  6364 | D:6      | Reached skill level 13 in Axes
  6400 | D:6      | Noticed Menkaure
  6410 | D:6      | Killed Menkaure
  6693 | D:6      | Noticed a deep elf zephyrmancer
  6701 | D:6      | Killed a deep elf zephyrmancer
  6702 | D:6      | Reached skill level 14 in Axes
  6702 | D:6      | Reached XP level 9. HP: 49/70 MP: 8/8
  7013 | D:6      | Noticed Edmund
  7023 | D:6      | Killed Edmund
  7371 | D:7      | Reached skill level 15 in Axes
  7444 | D:7      | Reached ***** piety under Trog
  7444 | D:7      | Noticed a gargoyle
  7445 | D:7      | Noticed a cyclops
  7451 | D:7      | Noticed a troll
  7453 | D:7      | Reached skill level 16 in Axes
  7458 | D:7      | Killed a gargoyle
  7466 | D:7      | Killed a cyclops
  7467 | D:7      | Reached skill level 17 in Axes
  7467 | D:7      | Reached XP level 10. HP: 56/77 MP: 9/9
  8216 | D:7      | Found a broken altar of Ashenzari.
  8486 | D:8      | Reached skill level 18 in Axes
  8730 | D:8      | Found Bakaukow's Book Shoppe.
  8819 | D:8      | Found a burning altar of Makhleb.
  8916 | D:8      | Found an ancient bone altar of Kikubaaqudgha.
  8935 | D:8      | Found a shimmering blue altar of Sif Muna.
  8937 | D:8      | Found a radiant altar of Vehumet.
  9589 | D:9      | Found a staircase to the Lair.
  9625 | D:9      | Reached skill level 19 in Axes
  9637 | D:9      | Received a gift from Trog
 10296 | D:9      | Noticed Amaemon
 10299 | D:9      | Noticed an orange demon
 10301 | D:9      | Killed Amaemon
 10305 | D:9      | Killed an orange demon
 10306 | D:9      | Reached XP level 11. HP: 76/82 MP: 10/10
 10505 | D:9      | Found an iron altar of Okawaru.
 10522 | D:9      | Reached skill level 20 in Axes
 10808 | D:9      | Identified the +5 dagger "Ekkeoh" {chaos, rC+ Will+}
 10862 | D:9      | Noticed Pikel
 10865 | D:9      | Killed Pikel
 10968 | D:9      | Found a large runed translucent door.
 10970 | D:9      | Found a large runed translucent door.
 10973 | D:9      | Found a shimmering altar of Xom.
 11133 | D:9      | Noticed a purple ugly thing
 11244 | D:9      | Killed a purple ugly thing
 11253 | D:9      | Reached skill level 5 in Fighting
 11683 | D:10     | Entered Level 10 of the Dungeon
 11702 | D:10     | Found Voby's Antique Weapon Emporium.
 11745 | D:10     | Found Xenuhopt's General Store.
 11807 | D:10     | Bought a potion of heal wounds for 70 gold pieces
 11826 | D:10     | Found Oxzeo's Magic Scroll Shoppe.
 11934 | D:10     | Reached skill level 5 in Armour
 12045 | D:10     | Found a staircase to the Orcish Mines.
 12093 | D:10     | Noticed a two-headed ogre
 12096 | D:10     | Killed a two-headed ogre
 12288 | D:10     | Found Vethroli's Book Boutique.
 12479 | D:10     | Found Uhaobod's Weapon Boutique.
 13608 | D:11     | Noticed Harold
 13612 | D:11     | Killed Harold
 13930 | D:11     | Noticed Fannar
 13950 | D:11     | Killed Fannar
 13951 | D:11     | Reached skill level 5 in Dodging
 14392 | D:11     | Reached XP level 12. HP: 102/102 MP: 11/11
 14875 | D:12     | Noticed a four-headed hydra
 14882 | D:12     | Killed a one-headed hydra
 15004 | D:12     | Found Seseecw's Jewellery Emporium.
 15255 | D:12     | Noticed a seven-headed hydra
 15262 | D:12     | Killed a four-headed hydra
 15741 | D:13     | Reached skill level 10 in Fighting
 16034 | D:13     | Reached skill level 10 in Armour
 16132 | D:13     | Received a gift from Trog
 16172 | D:13     | Noticed a centaur warrior
 16185 | D:13     | Killed a centaur warrior
 16338 | D:13     | Noticed a centaur warrior
 16341 | D:13     | Killed a centaur warrior
 16345 | D:13     | Noticed a deep troll earth mage
 16346 | D:13     | Noticed a yaktaur captain
 16351 | D:13     | Reached XP level 13. HP: 42/116 MP: 12/12
 17405 | D:13     | Found a gate to the Vaults.
 17448 | D:13     | Reached skill level 1 in Evocations
 18785 | D:14     | Noticed Rupert
 18805 | D:14     | Killed Rupert
 19172 | D:15     | Entered Level 15 of the Dungeon
 19993 | D:15     | Found a burning altar of Makhleb.
 20051 | D:15     | Reached XP level 14. HP: 79/129 MP: 13/13
 20054 | D:15     | Reached skill level 10 in Dodging
 20312 | D:15     | Reached skill level 5 in Evocations
 20624 | D:15     | Shot with a bolt by a yaktaur

Illustrated notes

Levels and vault maps discovered:
D:1:      tarquinn_simple_flora_water_e, layout_rooms,
          ebering_ecumenical_altar_sacrificial, serial_shops, shop_coins
D:2:      layout_basic, basic_altar
D:3:      layout_loops_cross, gammafunk_temple_overflow_wave
D:4:      nicolae_cairo_tiling_very_big, layout_cave_pods,
          amcnicky_altar_gilded, nicolae_gozag_seed_capital
D:5:      layout_loops_corners, nemelex_xobeh_ov_fountains_minmay,
          minmay_temple_entry_fiery, serial_shops, shop, kennysheep_mini,
          nicolae_shop_statue_plus, nicolae_wooded_promenade
D:6:      layout_loops_corners, guppyfry_early_elven_hall, uniq_eustachio,
          uniq_edmund, uniq_menkaure
D:7:      nzn_winding_woodlands_small [nzn_winding_woodlands_5x15_jagged,
          nzn_winding_woodlands_center_garden,
          nzn_winding_woodlands_5x15_sawtooth], layout_gridville,
          mainiacjoe_overflow_alcove_2
D:8:      nicolae_cairo_tiling_large, layout_basic,
          grunt_temple_overflow_magic_moments, mainiacjoe_overflow_alcove_1,
          serial_shops, shop, introduction_to_nature_1
D:9:      due_chaos_kobolds, layout_basic, mainiacjoe_overflow_24_doors,
          david_lair_generic, serial_bayou_crossing, uniq_amaemon, uniq_pikel
D:10:     layout_loops_ring, zombieorc1_lemuel, serial_shops,
          nicolae_shop_bloodbath_and_beyond, shop, shop_statue, shop,
          nicolae_diamond_shop
D:11:     layout_stronghold, uniq_fannar, uniq_harold
D:12:     layout_roguey, serial_shops, nicolae_diamond_shop
D:13:     hangedman_cross_veins, layout_irregular_city,
          hangedman_vaults_entry_quadrant_bands
D:14:     layout_roguey, uniq_rupert
D:15:     grunt_enter_depths_hoard, layout_cave_pools, old_standard_altar

Skill      XL: |  1  2  3  4  5  6  7  8  9 10 11 12 13 14 |
---------------+-------------------------------------------+-----
Axes           | 4 5 6 8 9 11 14 17 19 20 | 20.0
Fighting       | 8 11 13 | 13.1
Armour         | 7 11 12 | 12.9
Dodging        | 5 7 9 10 | 10.3
Evocations     | 4 5 |  5.2

Action                   |  1- 3 |  4- 6 |  7- 9 | 10-12 | 13-15 || total
-------------------------+-------+-------+-------+-------+-------++-------
Melee: Hand axe          |    69 |    94 |       |       |       ||   163
       Headbutt          |     7 |    23 |    34 |    85 |    56 ||   205
       Punch             |     1 |     1 |     2 |     2 |       ||     6
       War axe           |       |    77 |   211 |   161 |       ||   449
       Battleaxe         |       |       |       |   362 |   240 ||   602
Invok: Berserk           |       |     1 |     2 |     4 |     4 ||    11
       Brothers in Arms  |       |       |     1 |     1 |     1 ||     3
       Trog's Hand       |       |       |       |       |     1 ||     1
Evoke: Wand              |       |       |       |       |     1 ||     1
  Use: Scroll            |       |       |     6 |    10 |     2 ||    18
       Potion            |       |       |       |     1 |     5 ||     6
Armor: Animal skin       |     9 |       |       |       |       ||     9
       Ring mail         |     4 |       |       |       |       ||     4
       Scale mail        |    13 |    67 |   111 |   250 |   149 ||   590
Dodge: Dodged            |    25 |    67 |    65 |   232 |   105 ||   494
Block: Other             |    18 |    39 |    38 |    98 |    69 ||   262
       Reflection        |       |       |     3 |    10 |    17 ||    30

Table legend: (Time is in decaauts)
 A = Elapsed time spent in this place.
 B = Non-inter-level travel time spent in this place.
 C = Inter-level travel time spent in this place.
 D = Time resting spent in this place.
 E = Time spent auto-exploring this place.
 F = Levels seen in this place.
 G = Mean time per level.
                   A        B        C        D        E       F      G
               +--------+--------+--------+--------+--------+-----+--------+
         Total |  20480 |  19896 |    584 |   6638 |  10745 |  15 | 1365.3 |
       Dungeon |  20480 |  19896 |    584 |   6638 |  10745 |  15 | 1365.3 |
               +--------+--------+--------+--------+--------+-----+--------+

Top non-repeatable levels by time:
    D:13: 2372 daAuts
     D:9: 2337 daAuts
    D:11: 1760 daAuts
     D:5: 1703 daAuts
    D:14: 1670 daAuts
     D:6: 1619 daAuts
    D:12: 1234 daAuts
     D:2: 1155 daAuts
    D:10: 1125 daAuts
     D:4: 1070 daAuts
     D:8: 1055 daAuts
     D:7: 1019 daAuts
     D:3: 1016 daAuts
     D:1: 670 daAuts
    D:15: 669 daAuts
